 Dungeon Sprint DCSS version 0.26-a0-1002-g7355149c4d (webtiles) character file.

Game seed: 2141788974498045575

2726 mhtbhm the Carver (level 9, -10/79 HPs)
             Began as a Formicid Fighter on Dec 6, 2020.
             Was a High Priest of Okawaru.
             Mangled by a komodo dragon (18 damage)
             ... in the Dungeon (Sprint IX: "|||||||||||||||||||||||||||||").
             The game lasted 00:01:21 (798 turns).

mhtbhm the Carver (Formicid Fighter)                 Turns: 798, Time: 00:01:21

Health: -10/79     AC: 11    Str: 26    XL:     9   Next: 99%
Magic:  9/9        EV: 12    Int: 12    God:    Okawaru [*****.]
Gold:   9          SH: 13    Dex: 10    Spells: 8/8 levels left

rFire    . . .     SeeInvis +   a - +2 scimitar (holy)
rCold    . . .     Faith    .   c - +0 kite shield
rNeg     . . .     Spirit   .   b - +1 scale mail
rPois    .         Reflect  .   (helmet unavailable)
rElec    .         Harm     .   m - +0 cloak
rCorr    .         Rampage  .   (no gloves)
Will     .....                  (no boots)
Stlth    +.........             (no amulet)
HPRegen  0.23/turn              l - +3 ring of intelligence
MPRegen  0.11/turn              n - +3 ring of strength

@: no status effects
A: permanent stasis, dig shafts and tunnels, four strong arms, antennae 3
a: Dig, Heroism, Finesse, Renounce Religion


You were in the Dungeon.
You worshipped Okawaru.
Okawaru was extremely pleased with you.
You visited 1 branch You collected 9 gold pieces.

Inventory:

Hand Weapons
 a - a +2 scimitar of holy wrath (weapon)
Armour
 b - a +1 scale mail (worn)
 c - a +0 kite shield (worn)
 m - a +0 cloak (worn)
Jewellery
 l - a +3 ring of intelligence (left hand)
 n - a +3 ring of strength (right hand)
Wands
 k - a wand of iceblast (10)
Scrolls
 d - 2 scrolls of enchant weapon
 i - 6 scrolls of remove curse
 j - 2 scrolls of amnesia
 o - a scroll of fear
Potions
 e - a potion of invisibility
 f - 7 potions of heal wounds
 g - 4 potions of magic
 h - 4 potions of curing


   Skills:
 + Level 10.5 Fighting
 + Level 13.9 Long Blades
 + Level 9.9 Armour
 + Level 3.9 Dodging
 + Level 2.9 Stealth
 + Level 12.0 Shields


You had 8 spell levels left.
You didn't know any spells.
Your spell library was empty.

Dungeon Overview and Level Annotations

Branches:
Dungeon (1/1)

Altars:
Cheibriados
Dithmenos
Elyvilon
Fedhas
Gozag
Hepliaklqana
Kikubaaqudgha
Makhleb
Nemelex Xobeh
Okawaru
Qazlal
Ru
Sif Muna
Trog
Uskayaw
Vehumet
Wu Jian
Xom
Yredelemnul
Zin
The Shining One
Beogh
Jiyva
Lugonu


Innate Abilities, Weirdness & Mutations

You cannot be hasted, slowed, berserked, paralysed or teleported.
You can dig through walls and to a lower floor.
Your four strong arms can wield two-handed weapons with a shield.
You have a pair of large antennae on your head. (SInv)


Message History

The komodo dragon is heavily wounded.
You feel sick. The komodo dragon bites you!
* * * LOW HITPOINT WARNING * * *
Unknown command.
You feel better.
The komodo dragon bites you but does no damage.
You hit the komodo dragon but do no damage.
The komodo dragon is heavily wounded.
You barely miss the komodo dragon.
The komodo dragon is heavily wounded.
The komodo dragon bites you!!
* * * LOW HITPOINT WARNING * * *
You hit the komodo dragon but do no damage.
The komodo dragon is moderately wounded.
The komodo dragon bites you.
* * * LOW HITPOINT WARNING * * *
You slice the komodo dragon!!
The komodo dragon is almost dead.
The komodo dragon bites you!!
You die...

▓▓▓▓▓▓▓▓▓▓▓▓▓▓▓▓▓▓▓▓▓▓▓▓▓▓▓▓▓▓▓▓▓
_____________________'.....†.†..)
▓▓▓▓▓▓▓▓▓▓▓▓▓▓▓▓▓▓▓▓▓▓▓▓▓▓▓▓▓▓▓▓▓
.................................
▓▓▓▓▓▓▓▓▓▓▓▓▓▓▓▓▓▓▓▓▓▓▓▓▓▓▓▓▓▓▓▓▓


{{{{{{ { ......l@......|(..!.!'.. ▓▓▓▓▓▓▓▓▓▓▓▓▓▓▓▓▓▓▓▓▓▓▓▓ {{{{{{{{{{
{{{{{{{{{{{{{ You could see a komodo dragon.

Vanquished Creatures
  A centaur warrior (D)
  A rime drake (D)
  A cane toad (D)
  5 yaks (D)
  A phantom (D)
  A necrophage (D)
  An eye of draining (D)
  2 ogres (D)
  4 bullfrogs (D)
  A wight (D)
  An orc wizard (D)
  A worker ant (D)
  2 adders (D)
  An adder zombie (D)
  A dart slug (D)
  A bat skeleton (D)
  A goblin (D)
  A bat (D)
  A frilled lizard (D)
  2 kobolds (D)
30 creatures vanquished.

Notes
Turn   | Place    | Note
-------+----------+-------------------------------------------
     0 | D        | mhtbhm the Formicid Fighter began the quest for the Orb.
     0 | D        | Reached XP level 1. HP: 18/18 MP: 1/1
    95 | D        | Noticed a phantom
   103 | D        | Reached XP level 2. HP: 16/25 MP: 2/2
   107 | D        | Reached skill level 5 in Shields
   107 | D        | Reached XP level 3. HP: 28/31 MP: 3/3
   123 | D        | Reached skill level 5 in Armour
   132 | D        | Killed a phantom
   133 | D        | Reached skill level 5 in Fighting
   133 | D        | Reached skill level 5 in Long Blades
   133 | D        | Reached XP level 4. HP: 33/40 MP: 4/4
   133 | D        | Reached XP level 5. HP: 38/46 MP: 5/5
   135 | D        | Found a roughly hewn altar of Beogh.
   135 | D        | Found a snail-covered altar of Cheibriados.
   135 | D        | Found a shadowy altar of Dithmenos.
   135 | D        | Found a white marble altar of Elyvilon.
   135 | D        | Found a blossoming altar of Fedhas.
   135 | D        | Found an opulent altar of Gozag.
   136 | D        | Found a hazy altar of Hepliaklqana.
   137 | D        | Found a viscous altar of Jiyva.
   138 | D        | Found an ancient bone altar of Kikubaaqudgha.
   139 | D        | Found a corrupted altar of Lugonu.
   140 | D        | Found a burning altar of Makhleb.
   141 | D        | Found a sparkling altar of Nemelex Xobeh.
   142 | D        | Found an iron altar of Okawaru.
   143 | D        | Found a stormy altar of Qazlal.
   144 | D        | Found a sacrificial altar of Ru.
   145 | D        | Found a shimmering blue altar of Sif Muna.
   146 | D        | Found a bloodstained altar of Trog.
   147 | D        | Found a hide-covered altar of Uskayaw.
   148 | D        | Found a radiant altar of Vehumet.
   149 | D        | Found an ornate altar of the Wu Jian Council.
   150 | D        | Became a worshipper of Warmaster Okawaru
   151 | D        | Found a shimmering altar of Xom.
   152 | D        | Found a basalt altar of Yredelemnul.
   153 | D        | Found a glowing silver altar of Zin.
   154 | D        | Found a glowing golden altar of the Shining One.
   226 | D        | Noticed a yak
   226 | D        | Noticed a yak
   226 | D        | Noticed a necrophage
   229 | D        | Killed a necrophage
   230 | D        | Reached skill level 6 in Long Blades
   230 | D        | Reached skill level 1 in Dodging
   230 | D        | Reached skill level 1 in Stealth
   230 | D        | Reached XP level 6. HP: 53/53 MP: 6/6
   230 | D        | Reached * piety under Okawaru
   241 | D        | Killed a yak
   242 | D        | Reached skill level 8 in Long Blades
   242 | D        | Reached XP level 7. HP: 45/60 MP: 7/7
   254 | D        | Killed a yak
   255 | D        | Reached skill level 9 in Long Blades
   447 | D        | Noticed a yak
   447 | D        | Noticed a centaur warrior
   458 | D        | Killed a centaur warrior
   458 | D        | Reached ** piety under Okawaru
   458 | D        | Reached *** piety under Okawaru
   459 | D        | Reached skill level 11 in Long Blades
   459 | D        | Reached skill level 10 in Shields
   459 | D        | Reached XP level 8. HP: 45/70 MP: 1/8
   471 | D        | Reached **** piety under Okawaru
   472 | D        | Reached XP level 9. HP: 43/76 MP: 1/9
   476 | D        | Reached skill level 12 in Long Blades
   749 | D        | Noticed a rime drake
   757 | D        | Killed a rime drake
   760 | D        | Noticed a cane toad
   766 | D        | Reached skill level 13 in Long Blades
   768 | D        | Noticed a komodo dragon
   773 | D        | Reached skill level 10 in Fighting
   779 | D        | Reached ***** piety under Okawaru
   789 | D        | Killed a cane toad
   798 | D        | Mangled by a komodo dragon

Illustrated notes

Levels and vault maps discovered:
D:        linesprint [early_d, line_temple, items_1, d_10, items_2, lair_1,
          lair_end, items_3, orc_1, orc_end, items_4, d_15, swamp_1, shoals_1,
          snake_1, spider_1, d_20, vaults_1, items_5, swamp_end, shoals_end,
          snake_end, spider_end, vaults_end, d_27, items_6, zot_1, zot_end,
          crypt_end, forest_end, elf_end, slime_end, tomb_end, abyss_end,
          pan_hell_end]

Skill      XL: |  1  2  3  4  5  6  7  8  9 |
---------------+----------------------------+-----
Shields        | 4 5 6 7 8 10 12 | 12.0
Fighting       | 4 5 6 7 8 9 10 | 10.5
Armour         | 4 6 7 8 9 |  9.9
Long Blades    | 5 6 8 11 13 | 13.9
Dodging        | 1 3 |  3.9
Stealth        | 1 2 |  2.9

Action                   |  1- 3 |  4- 6 |  7- 9 || total
-------------------------+-------+-------+-------++-------
Melee: Long sword        |    52 |       |       ||    52
       Scimitar          |       |    15 |    89 ||   104
  Use: Potion            |     1 |       |     2 ||     3
Armor: Scale mail        |    24 |     3 |    10 ||    37
Dodge: Dodged            |    12 |     1 |    18 ||    31
Block: Kite shield       |    27 |     7 |    32 ||    66
       Rpst.: Long sword |     3 |       |       ||     3
       Scimitar          |       |       |     9 ||     9

Table legend: (Time is in decaauts)
 A = Elapsed time spent in this place.
 B = Non-inter-level travel time spent in this place.
 C = Inter-level travel time spent in this place.
 D = Time resting spent in this place.
 E = Time spent auto-exploring this place.
 F = Levels seen in this place.
 G = Mean time per level.
                   A        B        C        D        E       F      G
               +--------+--------+--------+--------+--------+-----+--------+
         Total |    800 |    800 |      0 |    257 |    172 |   1 |  800.0 |
       Dungeon |    800 |    800 |      0 |    257 |    172 |   1 |  800.0 |
               +--------+--------+--------+--------+--------+-----+--------+

Top non-repeatable levels by time:
       D: 800 daAuts
